 Dungeon Crawl Stone Soup version 0.25-a0-185-g6cfeca75b2 (webtiles) character file.

Game seed: 2976697492096858360, levelgen mode: deterministic

194 Leeroy the Conjurer (level 5, -3/38 HPs)
             Began as a Draconian Conjurer on Nov 28, 2019.
             Killed by divine providence
             ... invoked by an orc priest
              (10 damage)
             ... on level 3 of the Dungeon.
             The game lasted 00:05:59 (2299 turns).

Leeroy the Conjurer (Draconian Conjurer)            Turns: 2299, Time: 00:06:00

Health: -3/38      AC:  6    Str: 11    XL:     5   Next: 44%
Magic:  4/8        EV: 12    Int: 16    God:
Gold:   89         SH:  0    Dex: 11    Spells: 5/8 levels left

rFire    . . .     SeeInvis .   m - +0 short sword
rCold    . . .     Gourm    .   (no shield)
rNeg     . . .     Faith    .   (armour unavailable)
rPois    .         Spirit   .   (helmet restricted)
rElec    .         Reflect  .   (no cloak)
rCorr    .         Harm     .   (no gloves)
MR       .....                  c - +0 pair of boots
Stlth    ++........             (no amulet)
HPRegen  0.12/turn              (no ring)
MPRegen  0.11/turn              (no ring)

@: hasted, very quick
A: unfitting armour, cold-blooded, AC +5
a: no special abilities


You were on level 3 of the Dungeon.
You were not hungry.

You visited 1 branch of the dungeon, and saw 3 of its levels.

You collected 89 gold pieces.

Inventory:

Hand Weapons
 a - a +0 hand axe
 f - a +0 spear
 l - a +0 dagger
 m - a +0 short sword (weapon)
Missiles
 j - 14 poisoned darts (quivered)
Armour
 c - a +0 pair of boots (worn)
Jewellery
 i - a +5 ring of evasion {unknown}
 o - a cursed amulet of inaccuracy {unknown}
Scrolls
 d - 2 scrolls of teleportation {unknown}
 e - a scroll of remove curse {unknown}
 g - 2 scrolls of identify {unknown}
 h - 2 scrolls of magic mapping {unknown}
 p - a scroll of immolation {unknown}
Comestibles
 b - a ration


   Skills:
 - Level 1.7 Dodging
 - Level 1.7 Stealth
 - Level 2.0 Spellcasting
 + Level 6.8 Conjurations


You had 5 spell levels left.
You knew the following spells:

 Your Spells              Type           Power        Failure   Level  Hunger
a - Magic Dart            Conj           ###.         1%          1    #......
b - Searing Ray           Conj           ###...       1%          2    ###....

Your spell library contained the following spells:

 Spells                   Type           Power        Failure   Level  Hunger
 Iskenderun's Mystic Bla  Conj           ###.....     12%         4    #####..
 Dazzling Spray           Conj/Hex       ##....       16%         3    ###....
 Force Lance              Conj/Tloc      ##......     45%         4    #####..
 Fulminant Prism          Conj/Hex       ##........   45%         4    #####..


Dungeon Overview and Level Annotations

Branches:
Dungeon (3/15)

Altars:


Innate Abilities, Weirdness & Mutations

Your plain brown scales are hard. (AC +5)
You cannot fit into any form of body armour.
You are cold-blooded and may be slowed by cold attacks.


Message History

Aiming: Magic Dart (safe; 1% risk of failure)
Press: ? - help, Shift-Dir - straight line, f/p - orc
Aim: an orc, wearing a cursed +0 leather armour (lightly wounded)
The magic dart hits the orc.
The orc is moderately wounded.
Casting: Magic Dart (safe; 1% risk of failure)
Confirm with . or Enter, or press ? or * to list all spells.
Aiming: Searing Ray (safe; 1% risk of failure)
Press: ? - help, Shift-Dir - straight line, f - you, p - orc
Okay, then.
Casting: Searing Ray (safe; 1% risk of failure)
Confirm with . or Enter, or press ? or * to list all spells.
Aiming: Magic Dart (safe; 1% risk of failure)
Press: ? - help, Shift-Dir - straight line, f/p - orc
Aim: an orc, wearing a cursed +0 leather armour (moderately wounded)
The magic dart hits the orc but does no damage.
The orc is moderately wounded.
The orc priest mumbles some strange prayers to Beogh against you.
Beogh smites you!
You die...

#####.#######...#...###.#
#.# ##.##...###
#####.#### ##.#......
oo.......# ##...#...##.#
#####o...###........##.##
###..##......).......
#####..#...............
........o)....)....##.##
..........o....@...#
##...............#.#
#.###..###........#
........# #...........#
## ###.## #.###########
#. #.# #. #.# #. ..# ###


You could see an orc priest and an orc.

Vanquished Creatures
  A bullfrog (D:3)
  3 gnolls
  4 adders (D:2)
  An adder zombie (D:2)
  3 dart slugs
  A leopard gecko (D:1)
  3 orcs (D:3)
  A giant cockroach (D:1)
  6 goblins
  11 hobgoblins
  2 jackals (D:1)
  4 kobolds
  A ball python (D:2)
  3 bats
  3 frilled lizards (D:1)
  11 rats
58 creatures vanquished.

Notes
Turn   | Place    | Note
-------+----------+-------------------------------------------
     0 | D:1      | Leeroy the Draconian Conjurer began the quest for the Orb.
     0 | D:1      | Reached XP level 1. HP: 14/14 MP: 3/3
   402 | D:1      | Reached XP level 2. HP: 17/20 MP: 5/5
   460 | D:1      | Learned a level 2 spell: Searing Ray
   921 | D:1      | Reached skill level 5 in Conjurations
   921 | D:1      | Reached XP level 3. HP: 26/26 MP: 6/6
  1500 | D:2      | Reached XP level 4. HP: 32/33 MP: 2/7
  1889 | D:3      | Noticed a bullfrog
  1896 | D:3      | Killed a bullfrog
  1896 | D:3      | Reached skill level 6 in Conjurations
  1896 | D:3      | Reached XP level 5. HP: 34/38 MP: 4/8
  2299 | D:3      | Killed from afar by an orc priest

Levels and vault maps discovered:
D:1:      lightli_iron_boxes, layout_basic
D:2:      layout_rooms
D:3:      layout_loops_ring, old_standard_altar

Skill      XL: |  1  2  3  4 |
---------------+-------------+-----
Conjurations   | 5 6 |  6.8
Dodging        | |  1.7
Stealth        | |  1.7
Spellcasting   | |  2.0

Action                   |  1- 3 |  4- 6 || total
-------------------------+-------+-------++-------
Melee: Spear             |   152 |       ||   152
       Hand axe          |    10 |       ||    10
       Tailslap          |    16 |     6 ||    22
       Short sword       |    23 |    54 ||    77
 Cast: Searing Ray       |     3 |     4 ||     7
       Magic Dart        |       |     6 ||     6
  Use: Potion            |       |     1 ||     1
 Stab: Sleeping          |     7 |       ||     7
       Distracted        |     1 |       ||     1
  Eat: Chunk             |     2 |     3 ||     5
Armor: Skin              |    54 |    16 ||    70
Dodge: Dodged            |   114 |    39 ||   153

Table legend:
 A = Non-vault XP
 B = Vault XP
 C = Vault XP percentage of total XP
 D = Non-vault monster count
 E = Vault monster count
 F = Vault count percentage of total count
                 A         B        C        D         E       F
            +---------+---------+-------+---------+---------+-------
      Total |     278 |       0 |   0.0 |      58 |       0 |   0.0
            +---------+---------+-------+---------+---------+-------
        D:1 |      41 |       0 |   0.0 |      24 |       0 |   0.0
        D:2 |     110 |       0 |   0.0 |      27 |       0 |   0.0
        D:3 |     127 |       0 |   0.0 |       7 |       0 |   0.0
            +---------+---------+-------+---------+---------+-------
